Cogmind - Beta 13 @@@ ROGUE MODE // 2024.04.19 @ 21:50:17 Player: DeathByZer0 Result: Destroyed by Y-45 Defender with Heavy Assault Rifle Performance ------------- Evolutions (1) 500 Regions Visited (3) 600 Robots Destroyed (43) 215 Value Destroyed (901) 901 Prototype IDs (5) 100 Alien Tech Used (0) 0 Bonus (27) 27 TOTAL SCORE: 2343 Bonus ------- High Alert Combat Kills 27 Cogmind --------- Core Integrity 0/400 Matter 284/300 Energy 125/125 System Corruption 0% Temperature Cool (24) Movement Core (150) Ox2 Location -9/Storage Parts ------- > --- POWER (1) -------- Light Ion Engine > --- PROPULSION (3) --- (None) > --- UTILITY (3) ------ Signal Interpreter > --- WEAPON (2) ------- Improved Medium Laser Heavy Assault Rifle > --- INVENTORY (5) ---- Light Ion Engine Heat Sink Small Storage Unit Peak State ------------ > --- POWER ------------ Improved Ion Engine > --- PROPULSION ------- Flight Unit Flight Unit Flight Unit > --- UTILITY ---------- Weight Redist. System Signal Interpreter Propulsion Shielding > --- WEAPON ----------- Ion Burst Cannon Light Cannon > --- INVENTORY -------- Light Ion Engine Small Storage Unit Particle Gun Datajack [Rating: 16] Favorites ----------- Power Ion Engine Engine Ion Engine Propulsion Flight Unit Leg Aluminum Leg Hover Unit Hover Unit Flight Unit Flight Unit Utility Small Storage Unit Device Weight Redist. System Storage Small Storage Unit Processor Signal Interpreter Protection Propulsion Shielding Weapon Light Assault Rifle Energy Gun EM Pulse Gun Energy Cannon Ion Burst Cannon Ballistic Gun Light Assault Rifle Ballistic Cannon Light Cannon Special Melee Weapon Datajack Build | -11 -10 -9 -9 ------- Run | Yrd Mat Mat Sto Slots Evolved 2 | . . 2 . Power . | . . . . Propulsion 1 | . . 1 . Utility 1 | . . 1 . Weapon . | . . . . Parts Attached 59 | 6 22 3 28 Power 11 | 1 5 . 5 Engine 11 | 1 5 . 5 Core . | . . . . Reactor . | . . . . Propulsion 19 | 2 8 1 8 Treads . | . . . . Leg 3 | 2 1 . . Wheel . | . . . . Hover 2 | . 2 . . Flight 14 | . 5 1 8 Utility 7 | 1 3 1 2 Device 2 | . . . 2 Storage 2 | 1 . 1 . Processor 1 | . 1 . . Hackware . | . . . . Protection 2 | . 2 . . Artifact . | . . . . Weapon 22 | 2 6 1 13 Energy Gun 6 | 1 1 . 4 Energy Cannon 1 | . . . 1 Ballistic Gun 6 | 1 3 . 2 Ballistic Cannon 5 | . 1 . 4 Launcher . | . . . . Special Weapon . | . . . . Impact Weapon . | . . . . Slashing Weapon . | . . . . Piercing Weapon . | . . . . Special Melee Weapon 4 | . 1 1 2 Unidentified Prototypes 2 | . . . 2 Parts Lost 21 | . 3 1 17 Power 3 | . 1 . 2 Propulsion 10 | . 1 . 9 Utility 2 | . . . 2 Weapon 6 | . 1 1 4 Highest Loss Streak 9 | . 3 1 9 To Critical Strikes . | . . . . Average Slot Usage (%) 84 | . 86 88 77 Engine 12 | . 13 11 9 Leg 11 | . 16 . . Hover 1 | . 2 . . Flight 12 | . 7 33 24 Device 1 | . . . 4 Storage 7 | . 10 . . Processor 4 | . 2 11 11 Protection 5 | . 3 11 8 Energy Gun 1 | . 1 . 3 Ballistic Gun 16 | . 22 . 3 Ballistic Cannon 3 | . 1 11 8 Special Melee Weapon 3 | . 2 11 3 Naked Turns . | . . . . Heaviest Build 17 | 13 13 8 17 Greatest Support 20 | 20 20 12 18 Greatest Overweight (x) 2 | . 1 . 2 Average Overweight (x) . | . . . . Largest Inventory Capacity 8 | 8 8 8 5 Average Capacity 6 | 6 7 5 5 Most Carried 8 | 4 8 5 5 Average Carried 5 | 2 5 4 4 Final Capacity 8 | 8 5 5 5 Final Carried 5 | 4 5 5 3 Class Distribution -------------------- 95% | Mutant 4% | Scavenger-Mutant Dominant Class ---------------- Mutant | -10/Materials Mutant | -9/Materials Mutant | -9/Storage Resources | -11 -10 -9 -9 ----------- Run | Yrd Mat Mat Sto Matter Collected 1039 | 260 316 . 463 Remotely . | . . . . Salvage Created 1255 | . 735 . 520 Parts 82 | . 49 . 33 Haulers Intercepted 3 | . 2 . 1 Recyclers Shooed 2 | . 2 . . Parts Field Recycled . | . . . . Retrieved Matter . | . . . . Parts Self-Destructed . | . . . . Prevented . | . . . . Kills | -11 -10 -9 -9 ------- Run | Yrd Mat Mat Sto Combat Hostiles Destroyed 31 | . 16 . 15 Guns 19 | . 16 . 3 Cannons 12 | . . . 12 Classes Destroyed 9 | . 7 . 2 Worker 3 | . 2 . 1 Builder 1 | . . . 1 Hauler 3 | . 2 . 1 Recycler 2 | . 2 . . Operator 1 | . 1 . . Watcher 2 | . 2 . . Swarmer 13 | . 9 . 4 Grunt 13 | . 7 . 6 Sentry 5 | . . . 5 Best Kill Streak 8 | . 8 . 8 Combat Bots Only 8 | . 8 . 4 Max Kills in Single Turn 1 | . 1 . 1 Gunslinging . | . . . . Exploded . | . . . . Melee . | . . . . Uniques/NPCs Destroyed . | . . . . Combat | -11 -10 -9 -9 -------- Run | Yrd Mat Mat Sto Hostile Shots Fired 263 | . 101 8 154 Missed 79 | . 23 6 50 Damage Taken 1968 | . 711 28 1229 Core 556 | . 155 . 401 Absorbed by Shields . | . . . . Redirected to Shielding 55 | . 3 . 52 Core Remaining (%) 69 | 100 38 . . Volleys Fired 158 | . 112 . 46 Largest 2 | . 2 . 2 Hottest 100 | . 40 . 100 Shots Fired 250 | . 186 . 64 Gun 197 | . 177 . 20 Cannon 53 | . 9 . 44 Launcher . | . . . . Special . | . . . . Kinetic 226 | . 186 . 40 Thermal 24 | . . . 24 Explosive . | . . . . Electromagnetic . | . . . . Robot Hit Streak 12 | . 12 . 7 Robot Miss Streak 6 | . 6 . 5 Penetration Max . | . . . . Secondary Targets 2 | . 2 . . Max Gunslinging Chain 1 | . 1 . . Shots Hit Robots 142 | . 91 . 51 Core Hits 61 | . 43 . 18 Critical Kills 1 | . 1 . . Critical Parts Destroyed 1 | . 1 . . Critical Strikes 5 | . 3 . 2 Burn 1 | . . . 1 Destroy 2 | . 2 . . Blast 2 | . 1 . 1 Melee Attacks 9 | . 1 . 8 Impact . | . . . . Slashing . | . . . . Piercing . | . . . . Sneak Attacks 5 | . 1 . 4 Combat Hostiles . | . . . . Follow-up Attacks . | . . . . Damage Inflicted 1728 | . 783 . 945 Guns 956 | . 732 . 224 Cannons 772 | . 51 . 721 Explosions . | . . . . Melee . | . . . . Ramming . | . . . . Kinetic 1267 | . 783 . 484 Thermal 461 | . . . 461 Explosive . | . . . . Electromagnetic . | . . . . Impact . | . . . . Slashing . | . . . . Piercing . | . . . . Highest Corruption . | . . . . Average Corruption . | . . . . Corruption Purged . | . . . . Corruption Blocked . | . . . . Overload Shots . | . . . . Overflow Damage 14 | . . . 14 Projectiles 14 | . . . 14 Explosions . | . . . . Melee . | . . . . Knockbacks . | . . . . Impact . | . . . . Kinetic . | . . . . Secondary . | . . . . Self-Inflicted Damage . | . . . . Shots . | . . . . Rammed . | . . . . Targets Rammed . | . . . . Kicked . | . . . . Crushed . | . . . . Highest Temperature 405 | . 20 . 405 Average Temperature 74 | . 5 . 119 Received Heat Transfer 453 | . 156 9 288 Effects 5 | . . . 5 Shutdowns 1 | . . . 1 Interference 3 | . . . 3 Damage (minor) 1 | . . . 1 Siege Activations . | . . . . Robots Corrupted . | . . . . Combat Hostiles . | . . . . Parts Fried . | . . . . Impact Corruptions . | . . . . Robots Melted . | . . . . Combat Hostiles . | . . . . Parts Melted 1 | . . . 1 Heat Transferred 782 | . . . 782 Parts Sabotaged . | . . . . Parts Stolen . | . . . . Parts Stripped . | . . . . Power Chain Reactions . | . . . . Alert | -11 -10 -9 -9 ------- Run | Yrd Mat Mat Sto Peak Influence 493 | . 306 135 493 Initial 87 | . . 87 56 Average 160 | . 127 113 286 Maximum Alert Level 2 | . 1 . 2 Low Security (%) 70 | 100 85 100 21 Level 1 22 | . 14 . 48 Level 2 7 | . . . 29 Level 3 . | . . . . Level 4 . | . . . . Level 5 . | . . . . High Security . | . . . . Max Security . | . . . . Squads Dispatched 6 | . 3 . 3 Investigation 1 | . 1 . . Extermination . | . . . . Reinforcement 4 | . 2 . 2 Assault . | . . . . Garrison 1 | . . . 1 Intercept . | . . . . Searches Triggered . | . . . . Construction Impeded . | . . . . Haulers Reinforced . | . . . . Active Scanning Responses . | . . . . Cargo Convoy Interrupts . | . . . . Stealth | -11 -10 -9 -9 --------- Run | Yrd Mat Mat Sto Distress Signals 2 | . 1 . 1 Communications Jammed . | . . . . Distress Signals . | . . . . Times Spotted 54 | . 30 3 21 Peak Tracking Total 6 | . 5 3 6 Tactical Retreats 1 | . . . 1 Traps | -11 -10 -9 -9 ------- Run | Yrd Mat Mat Sto Traps Triggered . | . . . . Indirectly . | . . . . Trap Hack Attempts . | . . . . Triggered . | . . . . Disarmed . | . . . . Reprogrammed . | . . . . Reused . | . . . . Traps Extracted . | . . . . Installed . | . . . . Triggered . | . . . . Machines | -11 -10 -9 -9 ---------- Run | Yrd Mat Mat Sto Machines Disabled 3 | . 2 . 1 Max in Single Turn 1 | . 1 . 1 Machines Repaired . | . . . . Machines Dismantled . | . . . . Machines Sabotaged . | . . . . Overloaded Fab Kills . | . . . . Hacking | -11 -10 -9 -9 --------- Run | Yrd Mat Mat Sto Machines Accessed 9 | . 4 2 3 Terminals 6 | . 2 2 2 Fabricators . | . . . . Repair Stations . | . . . . Recycling Units 3 | . 2 . 1 Scanalyzers . | . . . . Garrison Access . | . . . . Total Hacks 27 | . 14 7 6 Successful 20 | . 8 6 6 Failed 7 | . 6 1 . Catastrophic 2 | . 2 . . Database Lockouts . | . . . . Manual . | . . . . Terminals 16 | . 5 7 4 Fabricators . | . . . . Repair Stations . | . . . . Recycling Units 11 | . 9 . 2 Scanalyzers . | . . . . Garrison Access . | . . . . Terminal Hacks 14 | . 4 6 4 Prototype ID Bank 1 | . 1 . . Open Door 1 | . . . 1 Terminal Index 1 | . 1 . . Alert Level 1 | . . . 1 Locate Traps 3 | . 1 1 1 Dispatch Records 2 | . 1 1 . Maintenance Status 1 | . . 1 . Patrol Status 1 | . . 1 . Investigation Status 1 | . . 1 . Reinforcement Status 1 | . . . 1 Zone Layout 1 | . . 1 . Fabricator Hacks . | . . . . Repair Station Hacks . | . . . . Recycling Unit Hacks 6 | . 4 . 2 Process 1 | . 1 . . Report Inventory 3 | . 2 . 1 Retrieve Matter 2 | . 1 . 1 Scanalyzer . | . . . . Garrison Access Hacks . | . . . . Unauthorized Hacks . | . . . . Terminals . | . . . . Fabricators . | . . . . Repair Stations . | . . . . Recycling Units . | . . . . Scanalyzers . | . . . . Garrison Access . | . . . . Data Cores Recovered . | . . . . Used . | . . . . Hacking Detections 8 | . 4 2 2 Full Trace Events 3 | . 2 . 1 Feedback Events . | . . . . Feedback Blocked . | . . . . Robot Schematics Acquired . | . . . . Robots Built . | . . . . Authchips . | . . . . Time . | . . . . Total Robot Build Rating . | . . . . Part Schematics Acquired . | . . . . Parts Built . | . . . . Authchips . | . . . . Time . | . . . . Total Part Build Rating . | . . . . Parts Repaired . | . . . . Time . | . . . . Parts Recycled . | . . . . Recycled Matter 66 | . 66 . . Retrieved Matter 66 | . 66 . . Retrieved Components . | . . . . Parts Scanalyzed . | . . . . Part Schematics Acquired . | . . . . Parts Damaged . | . . . . Bothacking | -11 -10 -9 -9 ------------ Run | Yrd Mat Mat Sto Used RIF Installer . | . . . . Robots Hacked 4 | . 1 . 3 Non-combat 4 | . 1 . 3 Combat . | . . . . Robot Hacks Applied 4 | . 1 . 3 no_distress 4 | . 1 . 3 Relay Couplers Released . | . . . . Fabnet Peak Effective % . | . . . . Robots Rewired . | . . . . Allies Hacked . | . . . . Hacks Repelled . | . . . . Allies | -11 -10 -9 -9 -------- Run | Yrd Mat Mat Sto Total Allies . | . . . . Largest Group . | . . . . Highest-Rated Group . | . . . . Highest-Rated Ally . | . . . . Total Orders . | . . . . Ally Attacks . | . . . . Total Damage . | . . . . Kills . | . . . . Allies Corrupted . | . . . . Allies Melted . | . . . . Intel | -11 -10 -9 -9 ------- Run | Yrd Mat Mat Sto Robot Analysis Total . | . . . . Derelict Logs Recovered . | . . . . Drone Launches . | . . . . Drone Recoveries . | . . . . Exploration | -11 -10 -9 -9 ------------- Run | Yrd Mat Mat Sto Turns Passed 1365 | 60 918 51 336 Spaces Moved 1257 | 41 738 131 347 Core 39 | 7 . . 32 Treads . | . . . . Legs 359 | 34 325 . . Wheels . | . . . . Hover 28 | . 28 . . Flight 831 | . 385 131 315 Fastest Speed 34 | 50 37 34 34 Average Speed 62 | 108 75 34 40 Slowest Speed 200 | 120 190 34 200 Overloaded Moves . | . . . . Propulsion Burnouts . | . . . . Robots Hopped 3 | . 3 . . Cave-ins Triggered . | . . . . Exploration Rate (%) 34 | 3 77 13 46 Regions Visited 3 Branch Regions 1 Pre-discovered Areas . | . . . . Known Exits Taken 2 | . 1 1 . Unknown Exits Taken 1 | 1 . . . Scrap Searched . | . . . . Spaces Dug . | . . . . Terrain Destroyed . | . . . . Melee . | . . . . Projectile . | . . . . AOE . | . . . . Terrain Rammed . | . . . . Walls Destroyed . | . . . . Machines Disabled . | . . . . Actions | -11 -10 -9 -9 --------- Run | Yrd Mat Mat Sto Total 1615 | 56 954 137 468 Wait 55 | . 38 1 16 Move 1248 | 40 731 130 347 Hop 3 | . 3 . . Pick Up 46 | 10 22 2 12 Fast Attach 9 | . 3 . 6 Attach 32 | 6 10 3 13 Detach 4 | . 1 1 2 Swap 18 | . 9 . 9 Drop 33 | . 24 . 9 Fire 158 | . 112 . 46 Melee 9 | . 1 . 8 Ram . | . . . . Kick . | . . . . Crush . | . . . . Escape Stasis . | . . . . Rewire . | . . . . Trap . | . . . . Miscellaneous . | . . . . Route ------- -11/Scrapyard -10/Materials (discovered 4 exits: *Mat x3 / *Min) -9/Materials -9/Storage History --------- Turn | Location | Event 4 | -11/Scrapyard | Discovered new exit (range 16) 61 | -11/Scrapyard | Entered Materials 317 | -10/Materials | Build established: Mutant 714 | -10/Materials | Core integrity fell below 50% 749 | -10/Materials | Destroyed 8 combat bots 755 | -10/Materials | Lost 3 parts (1p1n1w) 764 | -10/Materials | Discovered new exit (range 16) 835 | -10/Materials | Discovered new exit (range 13) 880 | -10/Materials | Identified exit to Mines 893 | -10/Materials | Discovered new exit (range 3) 893 | -10/Materials | Identified exit to Materials 918 | -10/Materials | Discovered exit to Materials (range 16) 979 | -10/Materials | Entered another Materials area 979 | -9/Materials | Evolved 2 slots: Propulsion x1, Utility x1 1013 | -9/Materials | Discovered new exit (range 15) 1030 | -9/Materials | Identified exit to Storage 1030 | -9/Materials | Entered Storage 1126 | -9/Storage | Lost 4 parts (1p2n1w) 1297 | -9/Storage | Garrison activated, responded to threat 1304 | -9/Storage | Core integrity fell below 50% 1321 | -9/Storage | Core integrity fell below 20% 1351 | -9/Storage | Lost 9 parts (1p4n2u2w) 1366 | -9/Storage | Destroyed by Y-45 Defender with Heavy Assault Rifle Last Messages --------------- 01319_ Acquired Flight Unit. 01320_ Datajack destroyed. 01320_ Flight Unit destroyed. 01322_ K-01 Serf collects debris. 01328_ Identified Imp. Medium Laser. 01331_ S-10 Pest destroyed. 01337_ Y-45 Defender destroyed. 01340_ K-01 Serf collects debris. 01340_ K-01 Serf destroyed. 01344_ K-01 Serf collects debris. 01345_ Acquired Lgt. Ion Engine. 01347_ Acquired Heat Sink. 01347_ K-01 Serf collects debris. 01348_ Acquired 14 matter. 01350_ Acquired 2 matter. 01352_ Lgt. Cannon destroyed. 01352_ K-01 Serf collects debris. 01353_ Acquired 30 matter. 01356_ Acquired Hvy. Assault Rifle. 01356_ K-01 Serf collects debris. Map ----- +----------------------------------------------------+ | ????#=[%# #??????????? | | ????#![[#?? #??????????? | | ????# [#???? #??????????? | | ????# #??????####??????????? | | ????# #????????????????????? | | ????# #????????????????????? | | ????# #????????????????????? | | ????# #????????????????????? | | ????# #????????????????????? | | ????# #????????????????????? | | ????# #????????????????????? | | ????# #????????????????????? | | ????# #????????????????????? | | ????# #????????????????????? | | ????# * #????????????????????? | | ????#%% #????????????????????? | | ????# #????????????????????? | | ????# #????????????????????? | | ????# #????????????????????? | | ????# #????????""??????????? | | ????# ###### """?????????? | | ????# ????????? | | ????# ! ????????? | | ????#!%! ????????? | | ?#####Y######+######?????????? | | # @[% #??????????????????? | | # k [ #??????????????????? | | # """ """%#??????????????????? | | # """ """ #??????????????????? | | # """ """ #??????????????????? | | # """ """ #??????????????????? | | # """ """ #??????????????????? | | #? #??????????????????? | | ??#########??????????????????? | | ?????????????????????????????? | | ?????????????????????????????? | | ?????????????????????????????? | | ?????????????????????????????? | | ?????????????????????????????? | | ?????????????????????????????? | | | | | | | | | | | | | | | | | | | | | +----------------------------------------------------+ Best States ------------- Heat Dissipation 28 Energy Generation 12 Energy Capacity 265 Matter Stores 300 Matter Capacity 300 Sight Range 16 Terrain Scan Density 10 Additional Mass Support 6 Propulsion Shielding 33 Utility Shielding 33 Evasion (%) 63 Item Schematics ----------------- None Robot Schematics ------------------ None Fabricated ------------ Nothing Alien Tech Used ----------------- None Achievements -------------- Troublemaker Challenges ------------ None Game ------ Seed RecyclingTrackerTube Manual? 0 Play Time 00:28:49 Cumulative 11.1 hours Start 2024.04.19 @ 21:16:03 End 2024.04.19 @ 21:50:17 Sessions 1 Manual Loads 0 Difficulty Rogue Special Mode None Game No. 12 Rogue 12 Adventurer 0 Explorer 0 Win Type - Total 0 Types 0/0/0/0/0/0/0/0/0 Lore% 17 Gallery% 13 Achievement% 13 Wizard Run 0 Options --------- Layout 1 ASCII 0 Keyboard 0 Movement Mouse Keybinds 0 Fullscreen 2 Font 32/SmallcapsGlow Map View 50x35 Zoom Use 0% Tactical HUD 1 Map Filters NONE Filters NONE Steam 1 RUN: df1f469e-cb14-45d5-bf93-f83a5283b522